3L
SEATTLE ROCKETEERS @ CLEVELAND BROWNS
08/23/2039
 
TOP OF THE 1ST
Seattle Rocketeers batting - Pitching for Cleveland Browns : RHP Jay Cannon
Pitching: RHP Jay Cannon
Batting: SHB Glyn Bolasky 0-0: Called Strike
0-1: Fly out, F8 (Flyball, 8RXD, EV 91.9 MPH)
Batting: LHB Murray Sperber 0-0: Ball
1-0: Foul Ball, location: 2F
1-1: Foul Ball, location: 2F
1-2: Ball
2-2: Foul Ball, location: 2F
2-2: Ball
3-2: Foul Ball, location: 2F
3-2: Base on Balls
Batting: RHB Jurgen Flurgenburgen 0-0: Called Strike
0-1: Swinging Strike
0-2: Ball
1-2: Ball
2-2: Foul Ball, location: 2F
2-2: Ball
3-2: Strikes out looking
Batting: RHB Meester Gobbles-Rooster 0-0: Ball
1-0: Fly out, F8 (Flyball, 78M, EV 86.2 MPH)
Top of the 1st over - 0 runs, 0 hits, 0 errors, 1 left on base; Seattle 0 - Cleveland 0
BOTTOM OF THE 1ST
Cleveland Browns batting - Pitching for Seattle Rocketeers : RHP Domingo Ramírez
Pitching: RHP Domingo Ramírez
Batting: RHB Tom Camden 0-0: Fly out, F8 (Flyball, 89M, EV 76.9 MPH)
Batting: LHB Danny Rodríguez 0-0: Called Strike
0-1: Ball
1-1: Ball
2-1: Swinging Strike
2-2: Strikes out looking
Batting: LHB Sadatake Abe 0-0: Ground out 4-3 (Groundball, 34D, EV 101.9 MPH)
Bottom of the 1st over - 0 runs, 0 hits, 0 errors, 0 left on base; Seattle 0 - Cleveland 0
TOP OF THE 2ND
Seattle Rocketeers batting - Pitching for Cleveland Browns : RHP Jay Cannon
Batting: RHB Alain Grosjean 0-0: Called Strike
0-1: Ball
1-1: Ball
2-1: Foul Ball, location: 2F
2-2: Ball
3-2: Foul Ball, location: 2F
3-2: SOLO HOME RUN (Flyball, 9D, EV 91.9 MPH), Distance : 360 ft
Batting: RHB Claudio Tappen 0-0: Ball
1-0: Foul Ball, location: 2F
1-1: Foul Ball, location: 2F
1-2: Foul Ball, location: 2F
1-2: Ball
2-2: Fly out, F8 (Flyball, 8RM, EV 83.1 MPH)
Batting: RHB Bastiaan Pieterse 0-0: Called Strike
0-1: Ball
1-1: Ball
2-1: Ground out 1-3 (Groundball, 13, EV 62.5 MPH)
Batting: SHB Charles Geudre 0-0: Called Strike
0-1: Called Strike
0-2: Strikes out looking
Top of the 2nd over - 1 run, 1 hit, 0 errors, 0 left on base; Seattle 1 - Cleveland 0
BOTTOM OF THE 2ND
Cleveland Browns batting - Pitching for Seattle Rocketeers : RHP Domingo Ramírez
Batting: LHB Lauren Hilfiker 0-0: Ball
1-0: Ground out 4-3 (Groundball, 4, EV 90.6 MPH)
Batting: LHB León Castillo 0-0: Ball
1-0: Swinging Strike
1-1: DOUBLE (Line Drive, 78M, EV 95.6 MPH)
Batting: RHB Katsuhiko Ishihara 0-0: Ball
1-0: Ball
2-0: Ball
3-0: Base on Balls
Batting: LHB Pedro Gutiérrez 0-0: Ball
1-0: DOUBLE (Line Drive, 89D, EV 107.5 MPH)
León Castillo scores
Katsuhiko Ishihara to third
Batting: RHB José Carlos Pérez 0-0: Ball
1-0: Ball
2-0: Foul Ball, location: 2F
2-1: Swinging Strike
2-2: Ball
3-2: Strikes out swinging
Batting: RHB Carlos Martínez 0-0: Ball
1-0: Called Strike
1-1: Called Strike
1-2: Ball
2-2: SINGLE (Line Drive, 5D, EV 106.9 MPH)
Katsuhiko Ishihara scores
Pedro Gutiérrez to third
Batting: RHB Tom Camden 0-0: Fly out, F9 (Flyball, 9, EV 86.9 MPH)
Bottom of the 2nd over - 2 runs, 3 hits, 0 errors, 2 left on base; Seattle 1 - Cleveland 2
TOP OF THE 3RD
Seattle Rocketeers batting - Pitching for Cleveland Browns : RHP Jay Cannon
Batting: SHB Lodd Felton 0-0: Bunt missed!
0-1: Ball
1-1: SINGLE (Groundball, 34, EV 107.5 MPH) (infield hit)
Batting: SHB Glyn Bolasky 0-0: Ball
1-0: Ball
2-0: Called Strike
2-1: Ball
3-1: Foul Ball, location: 2F
3-2: Foul Ball, location: 2F
3-2: SINGLE (Groundball, 3, EV 101.9 MPH) (infield hit)
Lodd Felton to second
Batting: LHB Murray Sperber 0-0: Ball
Lodd Felton steals 3rd base (no throw)
1-0: Fielders Choice at 2nd, 3-6 (Groundball, 34, EV 91.2 MPH)
Lodd Felton scores
Batting: RHB Jurgen Flurgenburgen 0-0: Ball
1-0: Ball
Murray Sperber steals 2nd base
2-0: Called Strike
2-1: Ball
3-1: SINGLE (Line Drive, 4MD, EV 98.8 MPH)
Murray Sperber to third
Runner from 3rd tries for Home, SAFE, throw by CF to home
Batting: RHB Meester Gobbles-Rooster 0-0: Ball
1-0: Ball
2-0: Called Strike
2-1: Ball
3-1: Foul Ball, location: 2F
3-2: Base on Balls
Jurgen Flurgenburgen to second
Batting: RHB Alain Grosjean 0-0: Called Strike
0-1: Ball
1-1: Ball
Jurgen Flurgenburgen is caught stealing 3rd base 2-5
2-1: Ball
3-1: Foul Ball, location: 2F
3-2: Foul Ball, location: 2F
3-2: Foul Ball, location: 2F
3-2: Ground out 6-3 (Groundball, 6, EV 100.6 MPH)
Top of the 3rd over - 2 runs, 3 hits, 0 errors, 1 left on base; Seattle 3 - Cleveland 2
BOTTOM OF THE 3RD
Cleveland Browns batting - Pitching for Seattle Rocketeers : RHP Domingo Ramírez
Batting: LHB Danny Rodríguez 0-0: Ball
1-0: Called Strike
1-1: Called Strike
1-2: Ball
2-2: Strikes out swinging
Batting: LHB Sadatake Abe 0-0: SOLO HOME RUN (Flyball, 9LD, EV 93.8 MPH), Distance : 356 ft
Batting: LHB Lauren Hilfiker 0-0: Called Strike
0-1: Foul Ball, location: 2F
0-2: Foul Ball, location: 2F
0-2: Ground out U3 (Groundball, 3S, EV 79.4 MPH)
Batting: LHB León Castillo 0-0: Ball
1-0: Ball
2-0: SINGLE (Flyball, 9S, EV 91.9 MPH)
Batting: RHB Katsuhiko Ishihara 0-0: Ball
1-0: Called Strike
1-1: Ball
2-1: Ground out 5-3 (Groundball, 5S, EV 90.0 MPH)
Bottom of the 3rd over - 1 run, 2 hits, 0 errors, 1 left on base; Seattle 3 - Cleveland 3
TOP OF THE 4TH
Seattle Rocketeers batting - Pitching for Cleveland Browns : RHP Jay Cannon
Batting: RHB Claudio Tappen 0-0: Called Strike
0-1: Ball
1-1: Ground out 6-3 (Groundball, 6, EV 94.4 MPH)
Batting: RHB Bastiaan Pieterse 0-0: Called Strike
0-1: Foul Ball, location: 2F
0-2: Foul Ball, location: 2F
0-2: Ball
1-2: Ball
2-2: SINGLE (Line Drive, 4MD, EV 93.8 MPH)
Batting: SHB Charles Geudre 0-0: Ball
1-0: Swinging Strike
1-1: Foul Ball, location: 2F
1-2: Grounds into double play, 4-6-3 (Groundball, 4, EV 83.1 MPH)
Top of the 4th over - 0 runs, 1 hit, 0 errors, 0 left on base; Seattle 3 - Cleveland 3
BOTTOM OF THE 4TH
Cleveland Browns batting - Pitching for Seattle Rocketeers : RHP Domingo Ramírez
Batting: LHB Pedro Gutiérrez 0-0: Called Strike
0-1: Fly out, F8 (Flyball, 8LD, EV 98.8 MPH)
Batting: RHB José Carlos Pérez 0-0: Ball
1-0: Foul Ball, location: 2F
1-1: Fly out, F7 (Flyball, 7D, EV 88.1 MPH)
Batting: RHB Carlos Martínez 0-0: Ground out 6-3 (Groundball, 6D, EV 103.1 MPH)
Bottom of the 4th over - 0 runs, 0 hits, 0 errors, 0 left on base; Seattle 3 - Cleveland 3
TOP OF THE 5TH
Seattle Rocketeers batting - Pitching for Cleveland Browns : RHP Jay Cannon
Batting: SHB Lodd Felton 0-0: Foul Ball, location: 2F
0-1: Ball
1-1: Foul Ball, location: 2F
1-2: Ground out 4-3 (Groundball, 4, EV 98.1 MPH)
Batting: SHB Glyn Bolasky 0-0: Called Strike
0-1: Swinging Strike
0-2: Foul Ball, location: 2F
0-2: Foul Ball, location: 2F
0-2: Foul Ball, location: 2F
0-2: Ball
1-2: Strikes out looking
Batting: LHB Murray Sperber 0-0: Foul Ball, location: 2F
0-1: Ball
1-1: Hit by Pitch
Batting: RHB Jurgen Flurgenburgen 0-0: Foul Ball, location: 2F
0-1: Ball
1-1: Ball
2-1: Fielders Choice at 2nd, U6 (Groundball, 6M, EV 96.9 MPH)
Top of the 5th over - 0 runs, 0 hits, 0 errors, 1 left on base; Seattle 3 - Cleveland 3
BOTTOM OF THE 5TH
Cleveland Browns batting - Pitching for Seattle Rocketeers : RHP Domingo Ramírez
Batting: RHB Tom Camden 0-0: Ball
1-0: Foul Ball, location: 2F
1-1: Foul Ball, location: 2F
1-2: Fly out, F8 (Flyball, 8LD, EV 95.6 MPH)
Batting: LHB Danny Rodríguez 0-0: Ball
1-0: Fly out, F7 (Flyball, 7LMF, EV 83.8 MPH)
Batting: LHB Sadatake Abe 0-0: Called Strike
0-1: Swinging Strike
0-2: Foul Ball, location: 2F
0-2: Strikes out looking
Bottom of the 5th over - 0 runs, 0 hits, 0 errors, 0 left on base; Seattle 3 - Cleveland 3
TOP OF THE 6TH
Seattle Rocketeers batting - Pitching for Cleveland Browns : RHP Jay Cannon
Batting: RHB Meester Gobbles-Rooster 0-0: Swinging Strike
0-1: Called Strike
0-2: Ball
1-2: Strikes out swinging
Pitching: RHP Hsiao-lou Lei
Batting: RHB Alain Grosjean 0-0: Called Strike
0-1: Fly out, F3 (Popup, 34S, EV 68.8 MPH)
Batting: RHB Claudio Tappen 0-0: Swinging Strike
0-1: Ball
1-1: Foul Ball, location: 2F
1-2: Strikes out swinging
Top of the 6th over - 0 runs, 0 hits, 0 errors, 0 left on base; Seattle 3 - Cleveland 3
BOTTOM OF THE 6TH
Cleveland Browns batting - Pitching for Seattle Rocketeers : RHP Domingo Ramírez
Batting: LHB Lauren Hilfiker 0-0: Ball
1-0: Fly out, F8 (Flyball, 8LD, EV 96.2 MPH)
Batting: LHB León Castillo 0-0: Swinging Strike
0-1: Ball
1-1: Ball
2-1: Ground out 6-3 (Groundball, 6, EV 80.6 MPH)
Batting: RHB Katsuhiko Ishihara 0-0: Foul Ball, location: 2F
0-1: Ball
1-1: Fly out, F8 (Flyball, 78M, EV 88.1 MPH)
Bottom of the 6th over - 0 runs, 0 hits, 0 errors, 0 left on base; Seattle 3 - Cleveland 3
TOP OF THE 7TH
Seattle Rocketeers batting - Pitching for Cleveland Browns : RHP Hsiao-lou Lei
Batting: RHB Bastiaan Pieterse 0-0: Called Strike
0-1: Ball
1-1: Swinging Strike
1-2: Foul Ball, location: 2F
1-2: Strikes out swinging
Batting: SHB Charles Geudre 0-0: Called Strike
0-1: DOUBLE (Line Drive, 3D, EV 95.0 MPH)
Batting: SHB Lodd Felton 0-0: Ball
1-0: Called Strike
1-1: Foul Ball, location: 2F
1-2: Strikes out looking
Batting: SHB Glyn Bolasky 0-0: Swinging Strike
0-1: Swinging Strike
0-2: Hit by Pitch
Batting: LHB Murray Sperber 0-0: SINGLE (Groundball, 34D, EV 97.5 MPH)
Charles Geudre to third
Glyn Bolasky to second
Runner from 3rd tries for Home, SAFE, throw by RF to home
Batting: RHB Jurgen Flurgenburgen 0-0: Ball
1-0: Ball
2-0: Ball
3-0: Called Strike
3-1: Ground out 1-3 (Groundball, 25, EV 75.0 MPH)
Top of the 7th over - 1 run, 2 hits, 0 errors, 2 left on base; Seattle 4 - Cleveland 3
BOTTOM OF THE 7TH
Cleveland Browns batting - Pitching for Seattle Rocketeers : RHP Domingo Ramírez
Batting: LHB Pedro Gutiérrez 0-0: Ball
1-0: Called Strike
1-1: Ball
2-1: Foul Ball, location: 2F
2-2: Ball
3-2: Fly out, F8 (Flyball, 8RD, EV 93.1 MPH)
Batting: RHB José Carlos Pérez 0-0: Called Strike
0-1: Swinging Strike
0-2: Foul Ball, location: 2F
0-2: Strikes out swinging
Batting: RHB Carlos Martínez 0-0: Ball
1-0: Ball
2-0: Ball
3-0: Called Strike
3-1: Base on Balls
Batting: RHB Tom Camden 0-0: Ball
1-0: Foul Ball, location: 2F
1-1: Ball
Carlos Martínez steals 2nd base
2-1: Fly out, F9 (Flyball, 9S, EV 91.9 MPH)
Bottom of the 7th over - 0 runs, 0 hits, 0 errors, 1 left on base; Seattle 4 - Cleveland 3
TOP OF THE 8TH
Seattle Rocketeers batting - Pitching for Cleveland Browns : RHP Hsiao-lou Lei
Batting: RHB Meester Gobbles-Rooster 0-0: Ball
1-0: Called Strike
1-1: Fly out, F3 (Popup, 3SF, EV 72.5 MPH)
Batting: RHB Alain Grosjean 0-0: Ball
1-0: Ball
2-0: Called Strike
2-1: Ball
3-1: Foul Ball, location: 2F
3-2: Ground out 1-3 (Groundball, P, EV 84.4 MPH)
Pitching: RHP Martín García
Batting: RHB Claudio Tappen 0-0: Ball
1-0: Ball
2-0: Swinging Strike
2-1: Foul Ball, location: 2F
2-2: Foul Ball, location: 2F
2-2: Strikes out looking
Top of the 8th over - 0 runs, 0 hits, 0 errors, 0 left on base; Seattle 4 - Cleveland 3
BOTTOM OF THE 8TH
Cleveland Browns batting - Pitching for Seattle Rocketeers : RHP Domingo Ramírez
Batting: LHB Danny Rodríguez 0-0: Fly out, F7 (Flyball, 78S, EV 70.6 MPH)
Batting: LHB Sadatake Abe 0-0: Ball
1-0: Ball
2-0: Ball
3-0: Base on Balls
Pitching: RHP Min-chor Chon
Batting: LHB Lauren Hilfiker 0-0: Called Strike
0-1: Reached on error, E4 (Groundball, 34, EV 87.5 MPH)
Sadatake Abe to second
Batting: LHB León Castillo 0-0: Called Strike
0-1: Ball
1-1: Fly out, F9 (Flyball, 89S, EV 93.1 MPH)
Batting: RHB Katsuhiko Ishihara 0-0: Ball
1-0: Ball
2-0: Called Strike
2-1: Called Strike
2-2: Foul Ball, location: 2F
2-2: Fly out, F9 (Flyball, 9LS, EV 96.2 MPH)
Bottom of the 8th over - 0 runs, 0 hits, 1 error, 2 left on base; Seattle 4 - Cleveland 3
TOP OF THE 9TH
Seattle Rocketeers batting - Pitching for Cleveland Browns : RHP Martín García
Batting: RHB Bastiaan Pieterse 0-0: Ball
1-0: Ball
2-0: DOUBLE (Flyball, 78D, EV 97.5 MPH)
Batting: SHB Charles Geudre 0-0: Ball
1-0: SINGLE (Groundball, 5D, EV 96.9 MPH)
Bastiaan Pieterse to third
Batting: SHB Lodd Felton 0-0: Ball
1-0: Called Strike
1-1: Ball
2-1: Ball
3-1: Swinging Strike
3-2: Base on Balls
Charles Geudre to second
Batting: SHB Glyn Bolasky 0-0: Ball
1-0: Ball
2-0: Ball
3-0: Base on Balls
Bastiaan Pieterse scores
Charles Geudre to third
Lodd Felton to second
Batting: LHB Murray Sperber 0-0: Ball
1-0: Foul Ball, location: 2F
1-1: Swinging Strike
1-2: Strikes out looking
Batting: RHB Jurgen Flurgenburgen 0-0: Ball
1-0: Ball
2-0: Ball
3-0: Base on Balls
Charles Geudre scores
Lodd Felton to third
Glyn Bolasky to second
Pitching: RHP Mark Erwin
Batting: RHB Meester Gobbles-Rooster 0-0: Ball
1-0: Ball
2-0: Foul Ball, location: 2F
2-1: Grounds into fielders choice 6-2 (Groundball, 6S, EV 88.8 MPH)
Glyn Bolasky to third
Jurgen Flurgenburgen to second
Batting: RHB Alain Grosjean 0-0: Ball
1-0: Foul Ball, location: 2F
1-1: Called Strike
1-2: Foul Ball, location: 2F
1-2: Ball
2-2: Foul Ball, location: 2F
2-2: Foul Ball, location: 2F
2-2: Ball
3-2: Fly out, F7 (Flyball, 78D, EV 86.2 MPH)
Top of the 9th over - 2 runs, 2 hits, 0 errors, 3 left on base; Seattle 6 - Cleveland 3
BOTTOM OF THE 9TH
Cleveland Browns batting - Pitching for Seattle Rocketeers : RHP Min-chor Chon
Pitching: RHP Dragutin Petrovic
Batting: LHB Pedro Gutiérrez 0-0: Called Strike
0-1: Ball
1-1: Ball
2-1: Ball
3-1: Ground out 4-3 (Groundball, 4, EV 92.5 MPH)
Batting: RHB José Carlos Pérez 0-0: Ball
1-0: Ball
2-0: Fly out, F7 (Line Drive, 7, EV 90.0 MPH)
Batting: RHB Carlos Martínez 0-0: Called Strike
0-1: Ball
1-1: Ground out 6-3 (Groundball, 6M, EV 103.8 MPH)
Bottom of the 9th over - 0 runs, 0 hits, 0 errors, 0 left on base; Seattle 6 - Cleveland 3
Wednesday, July 8th, 2020 - OOTP Baseball 20.8 Build 74